AoeStats
← Cleopatra

MegaRandom

510325478Analyzed
2v2 RM · 16h ago on Sep 30, 2026· 34m 33s· 4 players
Game mode
Random Map
Map size
Medium (4 player)
Population
200
Speed
Normal
Resources
Standard
Victory
Conquest
Starting age
Dark Age
Ending age
Imperial Age
RankedLock teamsTeams togetherTeam positionsShared explorationLock speedFull tech treeHidden civsTurbo modeCheats
Victory
Defeat
1275
+16
🇰🇿 Saxons · Kazakhstan
1094
+23
🇦🇷 Huns · Argentina
1291
-21
🇨🇳 Teutons · China
1236
-18
Ethan
3:33 Loom
11:15 Feudal Age
16:36 Castle Age
14:28 Horse Collar
18:47 Double-Bit Axe
30:22 Gold Mining
35:11 Imperial Age
34:40 Bow Saw
Cleopatra
10:42 Feudal Age
9:39 Loom
15:36 Castle Age
13:37 Horse Collar
13:43 Double-Bit Axe
22:00 Fletching
22:11 Padded Archer Armor
23:09 Bodkin Arrow
33:43 Padded Archer Armor
34:33 Ballistics
Ромчик Бумчик
6:02 Loom
8:49 Feudal Age
12:27 Forging
15:09 Horse Collar
15:16 Double-Bit Axe
19:46 Castle Age
18:42 Gold Mining
18:56 Fletching
19:07 Padded Archer Armor
20:40 Bodkin Arrow
24:08 Bow Saw
25:13 Husbandry
25:23 Bloodlines
32:21 Ballistics
35:14 Imperial Age
33:45 Wheelbarrow
Александр
8:05 Loom
12:55 Feudal Age
14:13 Double-Bit Axe
17:12 Horse Collar
17:23 Gold Mining
17:23 Stone Mining
17:31 Stone Mining
19:57 Castle Age
21:09 Wheelbarrow
21:29 Bow Saw
21:20 Heavy Plow
23:31 Fletching
23:41 Padded Archer Armor
28:01 Bodkin Arrow
28:22 Leather Archer Armor
33:55 Imperial Age
33:43 Scale Mail Armor
33:55 Forging
35:13 Chain Mail Armor
34:58 Bracer
Connection lost

Rejoining the realm…

Still unreachable

The connection could not be restored.

Session expired

The server has moved on; the page needs a fresh start.